 Dungeon Crawl Stone Soup version 0.31.0-12-g77e489cdc1 (webtiles) character file.

Game seed: 17771238842892571595

292 Gadfly the Magician (level 6, 0/35 HPs)
             Began as a Deep Elf Alchemist on Feb 23, 2024.
             Slain by an orc
             ... wielding a +0 dagger
              (2 damage)
             ... on level 3 of the Dungeon.
             The game lasted 00:03:09 (1735 turns).

Gadfly the Magician (Deep Elf Alchemist)            Turns: 1735, Time: 00:03:10

Health: 0/35       AC:  2    Str:  5    XL:     6   Next: 10%
Magic:  11/23      EV: 13    Int: 22    God:
Gold:   112        SH:  0    Dex: 15    Spells: 10/13 levels left

rFire   . . .        a - staff of conjuration
rCold   . . .        (no shield)
rNeg    . . .        c - +0 robe
rPois   .            (no helmet)
rElec   .            (no cloak)
rCorr   .            (no gloves)
SInv    .            (no boots)
Will    +....        (no amulet)
Stlth   ++           f - ring of magical power
HPRegen 0.25/turn    (no ring)
MPRegen 0.18/turn

%: no passive effects
@: enlightened, flying
A: no striking features
a: no special abilities


You were on level 3 of the Dungeon.
You visited 1 branch of the dungeon, and saw 3 of its levels.

You collected 112 gold pieces.

Inventory:

Hand Weapons
 b - a +0 long sword
Armour
 c - a +0 robe (worn)
Magical Staves
 a - a staff of conjuration (weapon)
Jewellery
 f - a ring of magical power (left hand)
Potions
 d - a potion of might
 e - a potion of magic


   Skills:
 + Level 1.7 Fighting
 + Level 3.8 Dodging
 - Level 2.4 Stealth
 + Level 4.2 Spellcasting
 + Level 2.7 Conjurations
 + Level 1.5 Fire Magic
 + Level 4.1 Alchemy
 + Level 2.3 Evocations


You had 10 spell levels left.
You knew the following spells:

 Your Spells              Type           Power      Damage    Failure   Level
a - Sting                 Conj/Alch      100%       1d9       2%          1
b - Mercury Vapours       Alch/Air       26%        N/A       7%          2

Your spell library contained the following spells:

 Spells                   Type           Power      Damage    Failure   Level
 Mephitic Cloud           Conj/Alch/Air  22%        N/A       13%         3
 Ensorcelled Hibernation  Hex/Ice        8%         N/A       17%         2
 Olgreb's Toxic Radiance  Alch           23%        N/A       21%         4
 Inner Flame              Hex/Fire       8%         N/A       24%         3
 Fugue of the Fallen      Necr           4%         N/A       32%         3
 Sticky Flame             Fire/Alch      17%        2d5       34%         4
 Irradiate                Conj/Alch      14%        3d16      58%         5
 Anguish                  Hex/Necr       2%         N/A       73%         4
 Sculpt Simulacrum        Ice/Alch       6%         N/A       100%        6
 Ozocubu's Refrigeration  Ice            2%         4d7       100%        7
 Ignition                 Fire           5%         3d4       100%        8
 Polar Vortex             Ice            2%         N/A       100%        9


Dungeon Overview and Level Annotations

Branches:
Dungeon (3/15)

Altars:


Message History

Grinder is almost dead.
You kill Grinder!
Your Spellcasting skill increases to level 4!
Your Fire Magic skill increases to level 1!
Your Alchemy skill increases to level 4!
Your Evocations skill increases to level 2!
You have reached level 5!
You have reached level 6!
Casting: Sting (safe; 2% risk of failure)
Confirm with . or Enter, or press ? or * to list all spells.
Aiming: Sting (safe; 2% risk of failure)
Press: ? - help, Shift-Dir - straight line, f/p - orc
Aim: an orc, wielding a +0 dagger and wearing a +0 ring mail (81% to hit)
You feel a surge of power!
The sting hits the orc but does no damage.
The orc is poisoned.
The orc barely misses you.
Unknown command.
Casting: Sting (safe; 2% risk of failure)
Confirm with . or Enter, or press ? or * to list all spells.
Aiming: Sting (safe; 2% risk of failure)
Press: ? - help, Shift-Dir - straight line, f/p - orc
Aim: an orc, wielding a +0 dagger and wearing a +0 ring mail (lightly wounded, poisoned, 81% to hit)
You feel a surge of power!
The sting hits the orc but does no damage.
The orc looks even sicker.
The orc is lightly wounded.
The orc hits you with a +0 dagger.
* * * LOW HITPOINT WARNING * * *
You hit the orc but do no damage.
The orc is lightly wounded.
The orc hits you but does no damage.
You hit the orc.
The orc is moderately wounded.
The orc hits you with a +0 dagger.
* * * LOW HITPOINT WARNING * * *
Okay, then.
A quokka comes into view.
Found a book of Spatial Translocations.
Found a stone staircase leading up.
The orc attacks as it pursues you! The orc hits you with a +0 dagger.
You die...

## ###########.. ######.
..........#.#
..?..>.#############.#.#
#......o...............
##.###.####........###..
.... #. #o######.# #[.
.....#. #.# #.###)#
.......####.# #...)..
.......@o.o.# ##.##..
.......###### #.###.
<....#. #.# #. #.r. #.
#.# #. ##. #: #.# #. ..
.. #.# #. # .. #.# #. ##
#.###. #.#...


You could see 2 orcs and a rat (wandering).

Vanquished Creatures
  Grinder (D:3)
  Jessica (D:3)
  2 adders (D:2)
  An orc (D:3)
  3 bats
  3 endoplasms
  6 giant cockroaches
  6 goblins
  5 jackals
  A quokka (D:2)
  2 ball pythons
  2 frilled lizards
  A kobold (D:1)
  3 rats
37 creatures vanquished.

Notes
Turn   | Place    | Note
-------+----------+-------------------------------------------
     0 | D:1      | Gadfly the Deep Elf Alchemist began the quest for the Orb.
     0 | D:1      | Reached XP level 1. HP: 10/10 MP: 6/6
   521 | D:1      | Reached XP level 2. HP: 15/15 MP: 8/8
   524 | D:1      | Learned a level 2 spell: Mercury Vapours
   974 | D:2      | Reached skill level 1 in Evocations
   974 | D:2      | Reached XP level 3. HP: 13/20 MP: 9/9
  1480 | D:3      | Noticed Jessica
  1484 | D:3      | Killed Jessica
  1485 | D:3      | Reached skill level 1 in Fighting
  1485 | D:3      | Reached XP level 4. HP: 14/25 MP: 11/11
  1701 | D:3      | Noticed Grinder
  1708 | D:3      | Paralysed by Grinder for 3 turns
  1726 | D:3      | Killed Grinder
  1727 | D:3      | Reached skill level 1 in Fire Magic
  1727 | D:3      | Reached XP level 5. HP: 5/30 MP: 11/13
  1727 | D:3      | Reached XP level 6. HP: 6/35 MP: 11/14
  1731 | D:3      | HP: 1/35 [orc/+0 dagger (3)]
  1735 | D:3      | Slain by an orc

Illustrated notes

Levels and vault maps discovered:
D:1:      sevenhm_arrival_forest_fort_small_5, layout_basic
D:2:      layout_basic
D:3:      layout_loops_ring, nicolae_overflow_ecumenical_swirl,
          dreamdust_ecumenical_altar_hidden_monk_grotto, uniq_jessica,
          uniq_grinder

Skill      XL: |  1  2  3  4 |
---------------+-------------+-----
Evocations     | 1 2 |  2.3
Dodging        | 3 |  3.8
Fighting       | 1 |  1.7
Conjurations   | 2 |  2.7
Spellcasting   | 4 |  4.2
Fire Magic     | 1 |  1.5
Alchemy        | 4 |  4.1
Stealth        | |  2.4

Action                     |  1- 3 |  4- 6 || total
---------------------------+-------+-------++-------
  Melee: Unarmed           |     1 |       ||     1
         Long sword        |    25 |       ||    25
         Staff             |       |     2 ||     2
   Cast: Sting             |    47 |    16 ||    63
         Mercury Vapours   |       |     1 ||     1
  Evoke: Wand              |       |     1 ||     1
    Use: Scroll            |     5 |       ||     5
         Potion            |       |     2 ||     2
   Stab: Sleeping          |     1 |       ||     1
 Armour: Robe              |    38 |     8 ||    46
  Dodge: Dodged            |    49 |     5 ||    54
